Connexion

Moose vs Penguins

Created - 16 septembre 2023 at 07:47

Goals
1 2 3 T
Moose 2 0 1 3
Penguins 3 0 1 4
Shots
1 2 3 T
Moose 13 6 13 32
Penguins 13 6 15 34

GoalsPenalties
1st period
1. Penguins , Jason Dickinson 8 (Steven Fogarty 10, Kevin Bahl 7) at 12:14
2. Moose , Nikita Scherbak 6 (Thomas Hickey 4, Damien Giroux 5) at 12:48
3. Penguins , Gerald Mayhew 6 (Mikhail Maltsev 6) at 13:31
4. Moose , Pierre Engvall 9 (Jake Virtanen 13, Thomas Hickey 5) at 16:39
5. Penguins , Rhett Gardner 2 (Kevin Bahl 8) at 17:17
Joseph Blandisi (WBS) for Tripping (Minor) at 8:44
2nd period
No Goal
Keaton Middleton (WBS) for Slashing (Minor) at 2:53
Jake Virtanen (MAN) for Hooking (Minor) at 19:28
3rd period
6. Penguins , Jason Dickinson 9 (Rhett Gardner 4, Steven Santini 12) at 0:30 (PP)
7. Moose , Alec Regula 2 (Alex Barre-Boulet 11, Jake Virtanen 14) at 7:27
Jake Virtanen (MAN) for Hooking (Minor) at 18:25
Goalie Stats
Kaden Fulcher (MAN), 30 saves from 34 shots - (0,882), L, 10-6-3, 60:00 minutes
Marek Langhamer (WBS), 29 saves from 32 shots - (0,906), W, 7-6-1, 60:00 minutes
3 StarsOfficial
1 - Jason Dickinson (WBS)
2 - Rhett Gardner (WBS)
3 - Kevin Bahl (WBS)
Referees : Kyle Rehman and Dave Jackson
Linesman : Vaughan Rody and Lonnie Cameron
Game Note
No Game Note
Finance
Level 1 -- Attendance: 1549 (77,45%) -- Ticket Income 61 960 $
Level 2 -- Attendance: 770 (77,00%) -- Ticket Income 15 400 $
Total Attendance: 2319 (77,30%)
Total Ticket Income: 77 360 $
Other Income: 15 472 $
Total Income: 92 832 $



Team Name Goals Shots Shots Attemp Shots Blocked PIM HIT PP PK FO%
Moose 3326674120 / 2 (0%)155%
Penguins 4345894261 / 2 (50%)045%

Moose
Player Name POS G A P +/- PIM HIT SHT SB MP PP MP PP SHT PK MP PK SHT FO% FOT
Alec RegulaD1011001016:490:0000:0000% 0
Alex Barre-BouletC/LW/RW0111001114:570:0000:00031% 13
Cameron SchillingD000-1030120:501:5501:1000% 0
Damien GirouxC/LW011-2001020:112:3000:00052% 23
Derrick PouliotD000-1001020:501:5501:1000% 0
Filip ChlapikC/LW0000000011:500:0000:00064% 11
Fredrik ClaessonD0000013422:212:0321:2600% 0
Jacob NilssonC/LW0001003011:091:2810:43065% 20
Jake VirtanenRW0222420024:360:4600:0000% 0
Jordan MartinookC/LW0000020011:500:0000:000100% 1
Mathieu OlivierLW/RW000-2034020:112:3000:000100% 2
Nikita ScherbakLW/RW101-2008020:112:3000:0000% 0
Patrick MaroonLW000000100:470:0000:4710% 0
Pierre EngvallLW/RW1011005022:411:2801:490100% 1
Remi ElieLW0001003016:500:0001:53033% 6
Ryan McleodC000000002:090:4200:0000% 0
Thomas Hickey D0220011122:212:0301:2600% 0
Xavier OuelletD0001000016:490:0000:0000% 0
Penguins
Player Name POS G A P +/- PIM HIT SHT SB MP PP MP PP SHT PK MP PK SHT FO% FOT
Alan QuineC/LW/RW000000008:310:0000:00067% 6
Andreas EnglundD0000011022:322:0002:1300% 0
Andrew NielsenD000-1010017:430:0001:0600% 0
Brian HartLW/RW000002007:520:0000:0000% 2
Christophe LalancetteC000000003:070:0000:0000% 0
Dylan McIlrathD000-1021316:370:0000:0000% 0
Gerald MayhewC/RW1010024019:021:0720:000100% 1
Jason DickinsonC/LW2022025118:131:2913:0300% 1
Joseph BlandisiC/LW0000223219:171:0700:16039% 23
Karson KuhlmanC/RW000-2001013:580:0000:00059% 17
Keaton MiddletonD0001230219:440:3600:3900% 0
Kevin BahlD0221021120:120:3601:4500% 0
Liam O'BrienC/LW000-2052013:580:0000:0000% 0
Marian StudenicRW000-2003014:370:0000:3900% 0
Mikhail MaltsevLW0110006019:021:0700:0000% 1
Rhett GardnerC/LW1122031022:581:2903:03043% 23
Steven FogartyC/RW0112013016:051:2900:55033% 3
Steven SantiniD0110003022:322:0012:1300% 0



Play-by-Play

1st period


0:01 of 1st period - Pierre Engvall wins face-off versus Rhett Gardner in neutral zone.
0:12 of 1st period - Shot by Jacob Nilsson.
0:12 of 1st period - Shot Misses the Net.
0:21 of 1st period - Off-side.
0:22 of 1st period - Damien Giroux wins face-off versus Joseph Blandisi in neutral zone.
0:50 of 1st period - Shot by Damien Giroux.
0:50 of 1st period - Shot Misses the Net.
1:19 of 1st period - Off-side.
1:20 of 1st period - Rhett Gardner wins face-off versus Alex Barre-Boulet in neutral zone.
2:02 of 1st period - Alec Regula is hit by Rhett Gardner.
3:07 of 1st period - Andrew Nielsen is hit by Mathieu Olivier and loses puck.
3:12 of 1st period - Shot by Damien Giroux.
3:12 of 1st period - Shot Misses the Net.
3:18 of 1st period - Shot by Mathieu Olivier.
3:18 of 1st period - Shot Blocked by Dylan McIlrath.
5:23 of 1st period - Shot by Rhett Gardner.
5:23 of 1st period - Shot Misses the Net.
5:36 of 1st period - Shot by Jason Dickinson.
5:36 of 1st period - Shot Misses the Net.
6:27 of 1st period - Shot by Damien Giroux.
6:27 of 1st period - Shot Blocked by Joseph Blandisi.
6:29 of 1st period - Shot by Mathieu Olivier.
6:29 of 1st period - Shot Blocked by Keaton Middleton.
6:31 of 1st period - Shot by Alec Regula.
6:31 of 1st period - Deflect By Mathieu Olivier.
6:31 of 1st period - Stopped by Marek Langhamer with a rebound.
6:33 of 1st period - Shot by Damien Giroux.
6:33 of 1st period - Stopped by Marek Langhamer with a rebound.
6:39 of 1st period - Shot by Nikita Scherbak.
6:39 of 1st period - Shot Misses the Net.
6:41 of 1st period - Shot by Damien Giroux.
6:41 of 1st period - Deflect By Nikita Scherbak.
6:41 of 1st period - Shot Misses the Net.
6:43 of 1st period - Shot by Nikita Scherbak.
6:43 of 1st period - Stopped by Marek Langhamer with a rebound.
6:47 of 1st period - Shot by Mathieu Olivier.
6:47 of 1st period - Stopped by Marek Langhamer without a rebound.
6:48 of 1st period - Jacob Nilsson wins face-off versus Brian Hart in Penguins zone.
6:51 of 1st period - Shot by Pierre Engvall.
6:51 of 1st period - Deflect By Jake Virtanen.
6:51 of 1st period - Shot Misses the Net.
7:02 of 1st period - Jake Virtanen is hit by Kevin Bahl and loses puck.
7:09 of 1st period - Shot by Jake Virtanen.
7:09 of 1st period - Deflect By Jacob Nilsson.
7:09 of 1st period - Stopped by Marek Langhamer with a rebound.
7:48 of 1st period - Icing by Kevin Bahl.
7:49 of 1st period - Alan Quine wins face-off versus Alex Barre-Boulet in Penguins zone.
8:44 of 1st period - Minor Penalty to Joseph Blandisi for Tripping.
8:45 of 1st period - Damien Giroux wins face-off versus Rhett Gardner in Penguins zone.
8:50 of 1st period - Shot by Fredrik Claesson.
8:50 of 1st period - Stopped by Marek Langhamer without a rebound.
8:51 of 1st period - Damien Giroux wins face-off versus Rhett Gardner in Penguins zone.
9:10 of 1st period - Rhett Gardner is hit by Mathieu Olivier.
9:29 of 1st period - Shot by Fredrik Claesson.
9:29 of 1st period - Stopped by Marek Langhamer without a rebound.
9:30 of 1st period - Jacob Nilsson wins face-off versus Steven Fogarty in Penguins zone.
10:05 of 1st period - Shot by Derrick Pouliot.
10:05 of 1st period - Shot Blocked by Jason Dickinson.
10:09 of 1st period - Shot by Pierre Engvall.
10:09 of 1st period - Shot Misses the Net.
10:11 of 1st period - Shot by Jacob Nilsson.
10:11 of 1st period - Stopped by Marek Langhamer without a rebound.
10:12 of 1st period - Steven Fogarty wins face-off versus Damien Giroux in Penguins zone.
10:46 of 1st period - Mikhail Maltsev is hit by Jake Virtanen and loses puck.
11:01 of 1st period - Shot by Mikhail Maltsev.
11:01 of 1st period - Shot Blocked by Alex Barre-Boulet.
11:20 of 1st period - Shot by Mikhail Maltsev.
11:20 of 1st period - Shot Hit the Post.
11:22 of 1st period - Shot by Mikhail Maltsev.
11:22 of 1st period - Stopped by Kaden Fulcher without a rebound.
11:23 of 1st period - Karson Kuhlman wins face-off versus Filip Chlapik in Moose zone.
11:23 of 1st period - Karson Kuhlman is hit by Cameron Schilling.
11:26 of 1st period - Liam O'Brien is hit by Cameron Schilling.
11:35 of 1st period - Pierre Engvall is hit by Liam O'Brien and loses puck.
11:44 of 1st period - Shot by Liam O'Brien.
11:44 of 1st period - Stopped by Kaden Fulcher without a rebound.
11:45 of 1st period - Rhett Gardner wins face-off versus Damien Giroux in Moose zone.
12:12 of 1st period - Shot by Steven Fogarty.
12:12 of 1st period - Stopped by Kaden Fulcher with a rebound.
12:14 of 1st period - Shot by Jason Dickinson.
12:14 of 1st period - Goal by Jason Dickinson - Moose : 0 - Penguins : 1.
12:15 of 1st period - Jacob Nilsson wins face-off versus Joseph Blandisi in neutral zone.
12:20 of 1st period - Shot by Pierre Engvall.
12:20 of 1st period - Shot Misses the Net.
12:30 of 1st period - Shot by Joseph Blandisi.
12:30 of 1st period - Deflect By Gerald Mayhew.
12:30 of 1st period - Shot Misses the Net.
12:32 of 1st period - Shot by Mikhail Maltsev.
12:32 of 1st period - Shot Blocked by Cameron Schilling.
12:36 of 1st period - Shot by Joseph Blandisi.
12:36 of 1st period - Stopped by Kaden Fulcher without a rebound.
12:37 of 1st period - Karson Kuhlman wins face-off versus Damien Giroux in Moose zone.
12:46 of 1st period - Shot by Damien Giroux.
12:46 of 1st period - Shot Misses the Net.
12:48 of 1st period - Shot by Thomas Hickey .
12:48 of 1st period - Deflect By Nikita Scherbak.
12:48 of 1st period - Goal by Nikita Scherbak - Moose : 1 - Penguins : 1.
12:49 of 1st period - Rhett Gardner wins face-off versus Jacob Nilsson in neutral zone.
13:17 of 1st period - Shot by Jason Dickinson.
13:17 of 1st period - Stopped by Kaden Fulcher without a rebound.
13:18 of 1st period - Damien Giroux wins face-off versus Joseph Blandisi in Moose zone.
13:18 of 1st period - Damien Giroux is hit by Gerald Mayhew.
13:29 of 1st period - Shot by Mikhail Maltsev.
13:29 of 1st period - Shot Misses the Net.
13:31 of 1st period - Shot by Gerald Mayhew.
13:31 of 1st period - Goal by Gerald Mayhew - Moose : 1 - Penguins : 2.
13:32 of 1st period - Alex Barre-Boulet wins face-off versus Karson Kuhlman in neutral zone.
14:11 of 1st period - Icing by Karson Kuhlman.
14:12 of 1st period - Karson Kuhlman wins face-off versus Damien Giroux in Penguins zone.
14:17 of 1st period - Fredrik Claesson is hit by Liam O'Brien and loses puck.
15:02 of 1st period - Filip Chlapik is hit by Jason Dickinson.
15:10 of 1st period - Shot by Rhett Gardner.
15:10 of 1st period - Shot Misses the Net.
15:22 of 1st period - Jason Dickinson is hit by Jordan Martinook and loses puck.
15:47 of 1st period - Shot by Alex Barre-Boulet.
15:47 of 1st period - Stopped by Marek Langhamer without a rebound.
15:48 of 1st period - Joseph Blandisi wins face-off versus Alex Barre-Boulet in Penguins zone.
16:10 of 1st period - Shot by Alec Regula.
16:10 of 1st period - Shot Misses the Net.
16:18 of 1st period - Shot by Joseph Blandisi.
16:18 of 1st period - Stopped by Kaden Fulcher without a rebound.
16:19 of 1st period - Karson Kuhlman wins face-off versus Damien Giroux in Moose zone.
16:27 of 1st period - Off-side.
16:28 of 1st period - Karson Kuhlman wins face-off versus Jacob Nilsson in neutral zone.
16:39 of 1st period - Shot by Pierre Engvall.
16:39 of 1st period - Goal by Pierre Engvall - Moose : 2 - Penguins : 2.
16:40 of 1st period - Damien Giroux wins face-off versus Joseph Blandisi in neutral zone.
16:42 of 1st period - Off-side.
16:43 of 1st period - Jacob Nilsson wins face-off versus Joseph Blandisi in neutral zone.
17:05 of 1st period - Shot by Joseph Blandisi.
17:05 of 1st period - Shot Misses the Net.
17:07 of 1st period - Shot by Mikhail Maltsev.
17:07 of 1st period - Shot Blocked by Thomas Hickey .
17:09 of 1st period - Shot by Mikhail Maltsev.
17:09 of 1st period - Stopped by Kaden Fulcher without a rebound.
17:10 of 1st period - Mathieu Olivier wins face-off versus Rhett Gardner in Moose zone.
17:10 of 1st period - Nikita Scherbak is hit by Steven Fogarty and loses puck.
17:17 of 1st period - Shot by Rhett Gardner.
17:17 of 1st period - Goal by Rhett Gardner - Moose : 2 - Penguins : 3.
17:18 of 1st period - Damien Giroux wins face-off versus Rhett Gardner in neutral zone.
17:21 of 1st period - Shot by Mathieu Olivier.
17:21 of 1st period - Shot Misses the Net.
18:21 of 1st period - Shot by Mikhail Maltsev.
18:21 of 1st period - Shot Blocked by Fredrik Claesson.
18:23 of 1st period - Shot by Mikhail Maltsev.
18:23 of 1st period - Stopped by Kaden Fulcher without a rebound.
18:24 of 1st period - Joseph Blandisi wins face-off versus Alex Barre-Boulet in Moose zone.
18:42 of 1st period - Shot by Remi Elie.
18:42 of 1st period - Shot Misses the Net.
18:54 of 1st period - Shot by Remi Elie.
18:54 of 1st period - Stopped by Marek Langhamer without a rebound.
18:55 of 1st period - Karson Kuhlman wins face-off versus Filip Chlapik in Penguins zone.
19:02 of 1st period - Shot by Karson Kuhlman.
19:02 of 1st period - Shot Misses the Net.
19:04 of 1st period - Shot by Karson Kuhlman.
19:04 of 1st period - Shot Blocked by Fredrik Claesson.
19:18 of 1st period - Shot by Liam O'Brien.
19:18 of 1st period - Shot Misses the Net.
19:20 of 1st period - Shot by Liam O'Brien.
19:20 of 1st period - Stopped by Kaden Fulcher without a rebound.
19:21 of 1st period - Damien Giroux wins face-off versus Alan Quine in Moose zone.
19:21 of 1st period - Damien Giroux is hit by Rhett Gardner.
19:34 of 1st period - Derrick Pouliot is hit by Brian Hart and loses puck.
19:43 of 1st period - Shot by Steven Santini.
19:43 of 1st period - Stopped by Kaden Fulcher without a rebound.
19:44 of 1st period - Jacob Nilsson wins face-off versus Joseph Blandisi in Moose zone.
19:44 of 1st period - Jacob Nilsson is hit by Joseph Blandisi.
19:50 of 1st period - Shot by Jake Virtanen.
19:50 of 1st period - Shot Misses the Net.
19:52 of 1st period - Shot by Fredrik Claesson.
19:52 of 1st period - Shot Misses the Net.
19:54 of 1st period - Shot by Fredrik Claesson.
19:54 of 1st period - Stopped by Marek Langhamer without a rebound.
19:55 of 1st period - Karson Kuhlman wins face-off versus Jacob Nilsson in Penguins zone.
Goals for this period are 2 for Moose vs 3 for Penguins.
Shots for this period are 13 for Moose vs 13 for Penguins.

2nd period


0:01 of 2nd period - Jacob Nilsson wins face-off versus Rhett Gardner in neutral zone.
0:18 of 2nd period - Rhett Gardner is hit by Thomas Hickey and loses puck.
0:37 of 2nd period - Shot by Steven Santini.
0:37 of 2nd period - Stopped by Kaden Fulcher without a rebound.
0:38 of 2nd period - Joseph Blandisi wins face-off versus Damien Giroux in Moose zone.
2:06 of 2nd period - Shot by Jake Virtanen.
2:06 of 2nd period - Shot Misses the Net.
2:13 of 2nd period - Off-side.
2:14 of 2nd period - Filip Chlapik wins face-off versus Rhett Gardner in neutral zone.
2:22 of 2nd period - Pierre Engvall is hit by Jason Dickinson and loses puck.
2:28 of 2nd period - Off-side.
2:29 of 2nd period - Jacob Nilsson wins face-off versus Joseph Blandisi in neutral zone.
2:31 of 2nd period - Fredrik Claesson is hit by Kevin Bahl and loses puck.
2:53 of 2nd period - Minor Penalty to Keaton Middleton for Slashing.
2:54 of 2nd period - Rhett Gardner wins face-off versus Damien Giroux in Penguins zone.
3:02 of 2nd period - Off-side.
3:03 of 2nd period - Rhett Gardner wins face-off versus Damien Giroux in neutral zone.
4:28 of 2nd period - Shot by Fredrik Claesson.
4:28 of 2nd period - Shot Blocked by Kevin Bahl.
5:11 of 2nd period - Icing by Xavier Ouellet.
5:12 of 2nd period - Joseph Blandisi wins face-off versus Alex Barre-Boulet in Moose zone.
5:59 of 2nd period - Shot by Pierre Engvall.
5:59 of 2nd period - Shot Blocked by Keaton Middleton.
6:32 of 2nd period - Icing by Thomas Hickey .
6:33 of 2nd period - Filip Chlapik wins face-off versus Karson Kuhlman in Moose zone.
6:33 of 2nd period - Thomas Hickey is hit by Liam O'Brien and loses puck.
7:19 of 2nd period - Cameron Schilling is hit by Dylan McIlrath and loses puck.
7:27 of 2nd period - Damien Giroux is hit by Andrew Nielsen and loses puck.
9:42 of 2nd period - Shot by Mathieu Olivier.
9:42 of 2nd period - Shot Misses the Net.
9:44 of 2nd period - Shot by Damien Giroux.
9:44 of 2nd period - Shot Misses the Net.
10:30 of 2nd period - Shot by Jake Virtanen.
10:30 of 2nd period - Shot Blocked by Dylan McIlrath.
10:32 of 2nd period - Shot by Remi Elie.
10:32 of 2nd period - Stopped by Marek Langhamer with a rebound.
10:39 of 2nd period - Icing by Andrew Nielsen.
10:40 of 2nd period - Karson Kuhlman wins face-off versus Damien Giroux in Penguins zone.
10:47 of 2nd period - Shot by Marian Studenic.
10:47 of 2nd period - Stopped by Kaden Fulcher with a rebound.
11:25 of 2nd period - Shot by Filip Chlapik.
11:25 of 2nd period - Shot Blocked by Dylan McIlrath.
11:27 of 2nd period - Shot by Filip Chlapik.
11:27 of 2nd period - Shot Misses the Net.
11:44 of 2nd period - Icing by Pierre Engvall.
11:45 of 2nd period - Filip Chlapik wins face-off versus Joseph Blandisi in Moose zone.
11:49 of 2nd period - Pierre Engvall is hit by Keaton Middleton and loses puck.
12:04 of 2nd period - Shot by Joseph Blandisi.
12:04 of 2nd period - Stopped by Kaden Fulcher without a rebound.
12:05 of 2nd period - Rhett Gardner wins face-off versus Alex Barre-Boulet in Moose zone.
12:57 of 2nd period - Mathieu Olivier is hit by Keaton Middleton and loses puck.
13:30 of 2nd period - Shot by Mathieu Olivier.
13:30 of 2nd period - Stopped by Marek Langhamer with a rebound.
13:50 of 2nd period - Shot by Filip Chlapik.
13:50 of 2nd period - Shot Misses the Net.
14:04 of 2nd period - Shot by Joseph Blandisi.
14:04 of 2nd period - Shot Hit the Post.
14:06 of 2nd period - Shot by Gerald Mayhew.
14:06 of 2nd period - Shot Blocked by Fredrik Claesson.
14:10 of 2nd period - Shot by Mikhail Maltsev.
14:10 of 2nd period - Stopped by Kaden Fulcher without a rebound.
14:11 of 2nd period - Alex Barre-Boulet wins face-off versus Karson Kuhlman in Moose zone.
14:11 of 2nd period - Jake Virtanen is hit by Liam O'Brien and loses puck.
14:39 of 2nd period - Shot by Alex Barre-Boulet.
14:39 of 2nd period - Shot Misses the Net.
15:13 of 2nd period - Damien Giroux is hit by Gerald Mayhew and loses puck.
15:33 of 2nd period - Joseph Blandisi is hit by Mathieu Olivier and loses puck.
15:53 of 2nd period - Icing by Dylan McIlrath.
15:54 of 2nd period - Filip Chlapik wins face-off versus Alan Quine in Penguins zone.
17:29 of 2nd period - Derrick Pouliot is hit by Dylan McIlrath and loses puck.
17:38 of 2nd period - Shot by Nikita Scherbak.
17:38 of 2nd period - Shot Misses the Net.
17:40 of 2nd period - Shot by Derrick Pouliot.
17:40 of 2nd period - Stopped by Marek Langhamer without a rebound.
17:41 of 2nd period - Jacob Nilsson wins face-off versus Joseph Blandisi in Penguins zone.
17:52 of 2nd period - Shot by Jacob Nilsson.
17:52 of 2nd period - Stopped by Marek Langhamer without a rebound.
17:53 of 2nd period - Filip Chlapik wins face-off versus Rhett Gardner in Penguins zone.
17:58 of 2nd period - Shot by Filip Chlapik.
17:58 of 2nd period - Deflect By Pierre Engvall.
17:58 of 2nd period - Stopped by Marek Langhamer with a rebound.
18:06 of 2nd period - Shot by Steven Fogarty.
18:06 of 2nd period - Stopped by Kaden Fulcher with a rebound.
18:08 of 2nd period - Shot by Kevin Bahl.
18:08 of 2nd period - Stopped by Kaden Fulcher without a rebound.
18:09 of 2nd period - Damien Giroux wins face-off versus Joseph Blandisi in Moose zone.
18:39 of 2nd period - Icing by Andreas Englund.
18:40 of 2nd period - Jacob Nilsson wins face-off versus Joseph Blandisi in Penguins zone.
18:45 of 2nd period - Shot by Pierre Engvall.
18:45 of 2nd period - Stopped by Marek Langhamer without a rebound.
18:46 of 2nd period - Jacob Nilsson wins face-off versus Rhett Gardner in Penguins zone.
19:28 of 2nd period - Minor Penalty to Jake Virtanen for Hooking.
19:29 of 2nd period - Remi Elie wins face-off versus Mikhail Maltsev in Moose zone.
19:29 of 2nd period - Remi Elie is hit by Joseph Blandisi.
19:51 of 2nd period - Icing by Steven Santini.
19:52 of 2nd period - Joseph Blandisi wins face-off versus Remi Elie in Penguins zone.
Goals for this period are 0 for Moose vs 0 for Penguins.
Shots for this period are 6 for Moose vs 6 for Penguins.

3rd period


0:01 of 3rd period - Rhett Gardner wins face-off versus Remi Elie in neutral zone.
0:24 of 3rd period - Shot by Steven Santini.
0:24 of 3rd period - Shot Misses the Net.
0:28 of 3rd period - Shot by Rhett Gardner.
0:28 of 3rd period - Shot Misses the Net.
0:30 of 3rd period - Shot by Rhett Gardner.
0:30 of 3rd period - Deflect By Jason Dickinson.
0:30 of 3rd period - Goal by Jason Dickinson - Moose : 2 - Penguins : 4.
0:31 of 3rd period - Damien Giroux wins face-off versus Joseph Blandisi in neutral zone.
0:47 of 3rd period - Shot by Damien Giroux.
0:47 of 3rd period - Deflect By Nikita Scherbak.
0:47 of 3rd period - Stopped by Marek Langhamer with a rebound.
0:49 of 3rd period - Shot by Alec Regula.
0:49 of 3rd period - Shot Misses the Net.
1:11 of 3rd period - Damien Giroux is hit by Keaton Middleton and loses puck.
1:27 of 3rd period - Keaton Middleton is hit by Jake Virtanen and loses puck.
1:55 of 3rd period - Steven Fogarty is hit by Fredrik Claesson and loses puck.
2:16 of 3rd period - Icing by Pierre Engvall.
2:17 of 3rd period - Jacob Nilsson wins face-off versus Karson Kuhlman in Moose zone.
2:42 of 3rd period - Shot by Karson Kuhlman.
2:42 of 3rd period - Stopped by Kaden Fulcher with a rebound.
2:44 of 3rd period - Shot by Dylan McIlrath.
2:44 of 3rd period - Stopped by Kaden Fulcher without a rebound.
2:45 of 3rd period - Alex Barre-Boulet wins face-off versus Brian Hart in Moose zone.
2:45 of 3rd period - Jake Virtanen is hit by Rhett Gardner and loses puck.
3:18 of 3rd period - Icing by Steven Santini.
3:19 of 3rd period - Damien Giroux wins face-off versus Rhett Gardner in Penguins zone.
3:22 of 3rd period - Shot by Nikita Scherbak.
3:22 of 3rd period - Stopped by Marek Langhamer with a rebound.
3:42 of 3rd period - Mathieu Olivier is hit by Brian Hart and loses puck.
4:01 of 3rd period - Shot by Gerald Mayhew.
4:01 of 3rd period - Stopped by Kaden Fulcher without a rebound.
4:02 of 3rd period - Filip Chlapik wins face-off versus Karson Kuhlman in Moose zone.
4:26 of 3rd period - Shot by Filip Chlapik.
4:26 of 3rd period - Shot Misses the Net.
4:28 of 3rd period - Shot by Pierre Engvall.
4:28 of 3rd period - Stopped by Marek Langhamer without a rebound.
4:29 of 3rd period - Joseph Blandisi wins face-off versus Remi Elie in Penguins zone.
5:17 of 3rd period - Icing by Gerald Mayhew.
5:18 of 3rd period - Joseph Blandisi wins face-off versus Damien Giroux in Penguins zone.
5:30 of 3rd period - Icing by Thomas Hickey .
5:31 of 3rd period - Damien Giroux wins face-off versus Rhett Gardner in Moose zone.
5:33 of 3rd period - Icing by Nikita Scherbak.
5:34 of 3rd period - Damien Giroux wins face-off versus Jason Dickinson in Moose zone.
5:40 of 3rd period - Shot by Steven Santini.
5:40 of 3rd period - Deflect By Steven Fogarty.
5:40 of 3rd period - Stopped by Kaden Fulcher without a rebound.
5:41 of 3rd period - Rhett Gardner wins face-off versus Jacob Nilsson in Moose zone.
5:44 of 3rd period - Shot by Jason Dickinson.
5:44 of 3rd period - Stopped by Kaden Fulcher without a rebound.
5:45 of 3rd period - Jacob Nilsson wins face-off versus Rhett Gardner in Moose zone.
6:51 of 3rd period - Shot by Mikhail Maltsev.
6:51 of 3rd period - Shot Misses the Net.
7:25 of 3rd period - Shot by Alex Barre-Boulet.
7:25 of 3rd period - Shot Blocked by Joseph Blandisi.
7:27 of 3rd period - Shot by Alec Regula.
7:27 of 3rd period - Goal by Alec Regula - Moose : 3 - Penguins : 4.
7:28 of 3rd period - Jordan Martinook wins face-off versus Karson Kuhlman in neutral zone.
7:51 of 3rd period - Shot by Andrew Nielsen.
7:51 of 3rd period - Shot Misses the Net.
7:53 of 3rd period - Shot by Marian Studenic.
7:53 of 3rd period - Stopped by Kaden Fulcher without a rebound.
7:54 of 3rd period - Alan Quine wins face-off versus Alex Barre-Boulet in Moose zone.
8:30 of 3rd period - Remi Elie is hit by Andreas Englund and loses puck.
8:59 of 3rd period - Shot by Nikita Scherbak.
8:59 of 3rd period - Stopped by Marek Langhamer without a rebound.
9:00 of 3rd period - Filip Chlapik wins face-off versus Joseph Blandisi in Penguins zone.
10:08 of 3rd period - Shot by Nikita Scherbak.
10:08 of 3rd period - Stopped by Marek Langhamer without a rebound.
10:09 of 3rd period - Karson Kuhlman wins face-off versus Alex Barre-Boulet in Penguins zone.
10:42 of 3rd period - Shot by Fredrik Claesson.
10:42 of 3rd period - Shot Misses the Net.
10:44 of 3rd period - Shot by Thomas Hickey .
10:44 of 3rd period - Stopped by Marek Langhamer with a rebound.
10:50 of 3rd period - Shot by Alex Barre-Boulet.
10:50 of 3rd period - Shot Misses the Net.
11:10 of 3rd period - Shot by Nikita Scherbak.
11:10 of 3rd period - Stopped by Marek Langhamer with a rebound.
11:12 of 3rd period - Shot by Mathieu Olivier.
11:12 of 3rd period - Stopped by Marek Langhamer without a rebound.
11:13 of 3rd period - Rhett Gardner wins face-off versus Filip Chlapik in Penguins zone.
11:13 of 3rd period - Rhett Gardner is hit by Jordan Martinook.
11:53 of 3rd period - Shot by Andreas Englund.
11:53 of 3rd period - Stopped by Kaden Fulcher without a rebound.
11:54 of 3rd period - Joseph Blandisi wins face-off versus Damien Giroux in Moose zone.
11:56 of 3rd period - Gerald Mayhew is hit by Cameron Schilling and loses puck.
12:09 of 3rd period - Shot by Nikita Scherbak.
12:09 of 3rd period - Stopped by Marek Langhamer without a rebound.
12:10 of 3rd period - Alan Quine wins face-off versus Alex Barre-Boulet in Penguins zone.
14:34 of 3rd period - Shot by Jason Dickinson.
14:34 of 3rd period - Stopped by Kaden Fulcher with a rebound.
15:24 of 3rd period - Shot by Joseph Blandisi.
15:24 of 3rd period - Deflect By Mikhail Maltsev.
15:24 of 3rd period - Stopped by Kaden Fulcher without a rebound.
15:25 of 3rd period - Gerald Mayhew wins face-off versus Jacob Nilsson in Moose zone.
16:21 of 3rd period - Nikita Scherbak is hit by Liam O'Brien and loses puck.
16:32 of 3rd period - Shot by Marian Studenic.
16:32 of 3rd period - Stopped by Kaden Fulcher without a rebound.
16:33 of 3rd period - Alan Quine wins face-off versus Filip Chlapik in Moose zone.
16:45 of 3rd period - Shot by Rhett Gardner.
16:45 of 3rd period - Shot Misses the Net.
17:05 of 3rd period - Shot by Pierre Engvall.
17:05 of 3rd period - Stopped by Marek Langhamer without a rebound.
17:06 of 3rd period - Alex Barre-Boulet wins face-off versus Karson Kuhlman in Penguins zone.
17:15 of 3rd period - Shot by Jake Virtanen.
17:15 of 3rd period - Deflect By Remi Elie.
17:15 of 3rd period - Stopped by Marek Langhamer without a rebound.
17:16 of 3rd period - Mathieu Olivier wins face-off versus Joseph Blandisi in Penguins zone.
17:48 of 3rd period - Shot by Mikhail Maltsev.
17:48 of 3rd period - Stopped by Kaden Fulcher without a rebound.
17:49 of 3rd period - Karson Kuhlman wins face-off versus Jacob Nilsson in Moose zone.
18:25 of 3rd period - Minor Penalty to Jake Virtanen for Hooking.
18:26 of 3rd period - Rhett Gardner wins face-off versus Remi Elie in Moose zone.
18:27 of 3rd period - Shot by Steven Santini.
18:27 of 3rd period - Stopped by Kaden Fulcher without a rebound.
18:28 of 3rd period - Remi Elie wins face-off versus Steven Fogarty in Moose zone.
18:55 of 3rd period - Shot by Remi Elie.
18:55 of 3rd period - Deflect By Patrick Maroon.
18:55 of 3rd period - Stopped by Marek Langhamer without a rebound.
18:56 of 3rd period - Joseph Blandisi wins face-off versus Jacob Nilsson in Penguins zone.
19:19 of 3rd period - Shot by Keaton Middleton.
19:19 of 3rd period - Shot Misses the Net.
19:21 of 3rd period - Shot by Kevin Bahl.
19:21 of 3rd period - Shot Misses the Net.
19:23 of 3rd period - Shot by Gerald Mayhew.
19:23 of 3rd period - Deflect By Joseph Blandisi.
19:23 of 3rd period - Shot Blocked by Fredrik Claesson.
19:27 of 3rd period - Shot by Gerald Mayhew.
19:27 of 3rd period - Stopped by Kaden Fulcher with a rebound.
19:31 of 3rd period - Shot by Gerald Mayhew.
19:31 of 3rd period - Stopped by Kaden Fulcher without a rebound.
19:32 of 3rd period - Jacob Nilsson wins face-off versus Rhett Gardner in Moose zone.
Goals for this period are 1 for Moose vs 1 for Penguins.
Shots for this period are 13 for Moose vs 15 for Penguins.